[ AOE2 MATCH · #505898712 ]
UnrankedKhmer vs Huns
Player's team · WIN
Rival team · LOSS
[ REPLAY ANALYSIS · EXTRACTED FROM THE RECORDED GAME ]
Feudal
8:44
Castle
—
Imperial
—
| APM avg | 61.6 |
| APM peak | 78 |
| eAPM avg | 26.8 |
| Villagers / military | 41 / 11 |
Focus
⚔️ 22.4% · 🌾 77.6%
Scout Cavalry ×7 · Archer ×4
Feudal
12:11
Castle
—
Imperial
—
| APM avg | 52.5 |
| APM peak | 85 |
| eAPM avg | 23.2 |
| Villagers / military | 55 / 22 |
Focus
⚔️ 36.2% · 🌾 63.8%
Militia ×16 · Spearman ×6
Match map
Initial resources + every placement click. Lines = walls · curves = elevation contours. ◆ gold · ⬟ stone · ● berries · ✦ relic · ◌ wall gap
Your base· Open — unwalled flank
Malelf's base· Open — unwalled flank
Smoothed initial terrain · ◌ = detected wall gap · hover for details
Inputs per minute
— Cronos - - Malelf
Build order — Cronos
91 actions detected in the replay
| 0:01 | Queue | Villager (Male) |
| 0:02 | Build | House |
| 0:03 | Build | House |
| 0:14 | Queue | Villager (Male) |
| 0:14 | Queue | Villager (Male) |
| 0:28 | Queue | Villager (Male) |
| 0:29 | Queue | Villager (Male) |
| 1:26 | Queue | Villager (Male) |
| 1:26 | Queue | Villager (Male) |
| 1:43 | Build | Lumber Camp |
| 2:02 | Queue | Villager (Male) |
| 2:03 | Queue | Villager (Male) |
| 2:16 | Queue | Villager (Male) |
| 2:16 | Queue | Villager (Male) |
| 2:40 | Queue | Villager (Male) |
| 2:40 | Queue | Villager (Male) |
| 3:08 | Queue | Villager (Male) |
| 3:34 | Build | House |
| 3:47 | Queue | Villager (Male) |
| 3:47 | Queue | Villager (Male) |
| 3:47 | Queue | Villager (Male) |
| 4:02 | Queue | Villager (Male) |
| 4:29 | Build | Mill |
| 4:43 | Queue | Villager (Male) |
| 5:37 | Queue | Villager (Male) |
| 5:41 | Research | Loom |
| 5:41 | Queue | Villager (Male) |
| 6:34 | Research | Feudal Age |
| 7:36 | Queue | Villager (Male) |
| 8:12 | Queue | Villager (Male) |
| 8:39 | Queue | Villager (Male) |
| 8:44 | Age | Feudal Age |
| 8:46 | Build | Stable |
| 9:06 | Queue | Villager (Male) |
| 9:28 | Queue | Scout Cavalry |
| 9:36 | Build | Mill |
| 9:41 | Build | House |
| 9:42 | Research | Double-Bit Axe |
| 9:42 | Research | Double-Bit Axe |
| 10:08 | Queue | Villager (Male) |
| 10:25 | Queue | Scout Cavalry |
| 10:26 | Queue | Scout Cavalry |
| 10:36 | Build | Farm |
| 10:54 | Build | Farm |
| 10:54 | Build | Farm |
| 10:55 | Build | Farm |
| 10:55 | Build | Farm |
| 10:55 | Build | Farm |
| 10:55 | Build | Farm |
| 10:55 | Build | Farm |
| 11:28 | Queue | Scout Cavalry |
| 11:46 | Build | Farm |
| 11:49 | Queue | Villager (Male) |
| 11:58 | Build | Farm |
| 12:04 | Build | Farm |
| 12:10 | Queue | Villager (Male) |
| 12:15 | Queue | Villager (Male) |
| 12:15 | Queue | Villager (Male) |
| 12:31 | Queue | Villager (Male) |
| 12:57 | Queue | Villager (Male) |
| 12:59 | Build | Mining Camp |
| 13:16 | Queue | Scout Cavalry |
| 13:27 | Research | Horse Collar |
| 13:28 | Research | Horse Collar |
| 13:30 | Build | House |
| 13:32 | Queue | Villager (Male) |
| 13:39 | Build | Lumber Camp |
| 13:41 | Build | House |
| 13:42 | Build | Palisade Wall |
| 13:49 | Queue | Villager (Male) |
| 14:04 | Build | House |
| 14:14 | Queue | Scout Cavalry |
| 14:15 | Queue | Villager (Male) |
| 14:23 | Build | House |
| 14:28 | Build | House |
| 15:03 | Queue | Villager (Male) |
| 15:07 | Queue | Villager (Male) |
| 15:07 | Queue | Villager (Male) |
| 15:12 | Build | Archery Range |
| 15:23 | Queue | Villager (Male) |
| 15:38 | Queue | Scout Cavalry |
| 15:42 | Build | Blacksmith |
| 15:48 | Build | House |
| 15:50 | Build | House |
| 15:59 | Build | Palisade Wall |
| 16:02 | Queue | Villager (Male) |
| 16:11 | Queue | Archer |
| 16:36 | Queue | Villager (Male) |
| 16:38 | Queue | Archer |
| 16:39 | Queue | Archer |
| 16:45 | Queue | Archer |
Build order — Malelf
112 actions detected in the replay
| 0:00 | Queue | Villager (Male) |
| 0:01 | Queue | Villager (Male) |
| 0:01 | Queue | Villager (Male) |
| 0:06 | Queue | Villager (Male) |
| 1:15 | Queue | Villager (Male) |
| 1:50 | Queue | Villager (Male) |
| 2:03 | Queue | Villager (Male) |
| 2:16 | Build | Lumber Camp |
| 2:29 | Queue | Villager (Male) |
| 2:46 | Queue | Villager (Male) |
| 3:20 | Queue | Villager (Male) |
| 3:37 | Queue | Villager (Male) |
| 3:51 | Queue | Villager (Male) |
| 4:21 | Queue | Villager (Male) |
| 4:35 | Queue | Villager (Male) |
| 4:58 | Build | Barracks |
| 5:04 | Queue | Villager (Male) |
| 5:16 | Queue | Villager (Male) |
| 6:02 | Queue | Militia |
| 6:13 | Build | Mill |
| 6:15 | Queue | Militia |
| 6:17 | Queue | Villager (Male) |
| 6:29 | Queue | Militia |
| 6:41 | Queue | Villager (Male) |
| 6:58 | Queue | Militia |
| 7:08 | Build | Mill |
| 7:18 | Queue | Villager (Male) |
| 7:24 | Queue | Militia |
| 7:42 | Queue | Villager (Male) |
| 7:46 | Queue | Villager (Male) |
| 7:53 | Queue | Villager (Male) |
| 8:13 | Build | Mining Camp |
| 8:24 | Queue | Villager (Male) |
| 8:29 | Queue | Villager (Male) |
| 8:48 | Build | Farm |
| 8:50 | Queue | Villager (Male) |
| 9:09 | Queue | Villager (Male) |
| 9:10 | Queue | Villager (Male) |
| 9:20 | Queue | Villager (Male) |
| 9:22 | Queue | Villager (Male) |
| 9:24 | Queue | Villager (Male) |
| 9:34 | Build | Farm |
| 9:53 | Build | Farm |
| 9:54 | Research | Feudal Age |
| 9:54 | Research | Feudal Age |
| 10:02 | Queue | Villager (Male) |
| 10:25 | Build | Farm |
| 10:26 | Research | Loom |
| 10:36 | Queue | Militia |
| 10:42 | Build | Farm |
| 10:45 | Queue | Villager (Male) |
| 10:50 | Queue | Villager (Male) |
| 11:08 | Build | Lumber Camp |
| 11:09 | Queue | Villager (Male) |
| 11:14 | Queue | Militia |
| 11:17 | Queue | Villager (Male) |
| 11:38 | Queue | Militia |
| 11:40 | Queue | Villager (Male) |
| 11:52 | Build | Farm |
| 11:55 | Queue | Militia |
| 12:08 | Build | Palisade Wall |
| 12:09 | Build | Palisade Wall |
| 12:11 | Age | Feudal Age |
| 12:34 | Queue | Villager (Male) |
| 12:42 | Research | Man-at-Arms (upgrade) |
| 12:43 | Research | Man-at-Arms (upgrade) |
| 12:43 | Queue | Villager (Male) |
| 12:44 | Queue | Villager (Male) |
| 12:48 | Queue | Villager (Male) |
| 12:53 | Queue | Villager (Male) |
| 12:54 | Queue | Spearman |
| 12:57 | Research | Double-Bit Axe |
| 12:57 | Research | Double-Bit Axe |
| 12:58 | Queue | Villager (Male) |
| 13:09 | Build | Farm |
| 13:11 | Build | Farm |
| 13:11 | Queue | Villager (Male) |
| 13:25 | Queue | Militia |
| 13:25 | Queue | Militia |
| 13:33 | Build | Farm |
| 13:34 | Build | Farm |
| 13:38 | Build | Farm |
| 13:38 | Queue | Villager (Male) |
| 13:46 | Queue | Villager (Male) |
| 13:49 | Build | Farm |
| 13:49 | Queue | Villager (Male) |
| 13:58 | Queue | Militia |
| 14:01 | Queue | Villager (Male) |
| 14:07 | Queue | Militia |
| 14:29 | Queue | Militia |
| 14:32 | Queue | Villager (Male) |
| 14:34 | Build | Archery Range |
| 14:39 | Queue | Spearman |
| 14:40 | Queue | Villager (Male) |
| 14:48 | Queue | Villager (Male) |
| 15:05 | Queue | Spearman |
| 15:15 | Queue | Villager (Male) |
| 15:21 | Queue | Villager (Male) |
| 15:26 | Queue | Spearman |
| 15:44 | Queue | Militia |
| 15:45 | Queue | Villager (Male) |
| 15:49 | Research | Horse Collar |
| 15:50 | Research | Horse Collar |
| 15:53 | Build | Farm |
| 15:56 | Build | Farm |
| 16:01 | Build | Farm |
| 16:02 | Queue | Spearman |
| 16:14 | Queue | Militia |
| 16:22 | Build | Blacksmith |
| 16:28 | Queue | Villager (Male) |
| 16:33 | Queue | Spearman |
| 16:42 | Queue | Villager (Male) |
Match timeline
| 4:58 | Malelf · first_building Barracks |
| 8:44 | Cronos · age_up feudal |
| 8:46 | Cronos · first_building Stable |
| 12:08 | Malelf · wall_segment Palisade Wall x1 |
| 12:09 | Malelf · wall_segment Palisade Wall x1 |
| 12:11 | Malelf · age_up feudal |
| 13:42 | Cronos · wall_segment Palisade Wall x12 |
| 14:34 | Malelf · first_building Archery Range |
| 15:12 | Cronos · first_building Archery Range |
| 15:59 | Cronos · wall_segment Palisade Wall x1 |
| 16:49 | Malelf · resign |
[ AI ANALYSIS · 1 CREDIT ]
What really happened in this match?
Wolo.gg analyzes every decision: build order, eco, micro, common mistakes by bracket. Personalized analysis on WhatsApp or Discord in 30 seconds.
Civ guide
Khmer
Perfil
Cronos